 Dungeon Crawl Stone Soup version 0.18-a0-1689-g473dde0 (webtiles) character file.

916 Oddball22 the Covert (level 8, -3/39 HPs)
             Began as a Vine Stalker Assassin on Apr 5, 2016.
             Was an Initiate of Dithmenos.
             Slain by trgk's ghost (4 damage)
             ... on level 5 of the Dungeon.
             The game lasted 00:12:36 (3824 turns).

Oddball22 the Covert (Vine Stalker Assassin)        Turns: 3824, Time: 00:12:36

Health: -3/39      AC:  3    Str: 18    XL:     8   Next: 9%
Magic:  0/20       EV:  7    Int: 11    God:    Dithmenos [......]
Gold:   248        SH:  0    Dex: 19    Spells: 0 memorised, 22 levels left

rFire  . . .     SeeInvis +     q - +1 dagger (holy)
rCold  . . .     Gourm    .     c - +0 robe
rNeg   . . .     Faith    .     (no shield)
rPois  .         Spirit   +     (no helmet)
rElec  .         Dismiss  .     d - +0 cloak
rCorr  .         Reflect  .     (no gloves)
SustAt +         Harm     .     (no boots)
MR     +....                    (no amulet)
Stlth  +++++.....               k - ring of see invisible
                                j - ring of sustain attributes

@: mighty, drained, somewhat resistant to hostile enchantments, quite stealthy
A: fangs 3, regeneration 2, magic shield, antimagic bite, no device heal 3, rot
immunity
a: Renounce Religion


You were on level 5 of the Dungeon.
You worshipped Dithmenos.
Dithmenos was noncommittal.
You were not hungry.

You visited 1 branch of the dungeon, and saw 5 of its levels.

You collected 248 gold pieces.

Inventory:

Hand Weapons
 a - a +2 dagger
 b - a +0 blowgun
 q - a +1 dagger of holy wrath (weapon)
Missiles
 e - 8 poisoned needles
 f - 2 curare-tipped needles
Armour
 c - a +0 robe (worn)
 d - a +0 cloak (worn)
 m - a +0 leather armour of cold resistance
Jewellery
 j - a ring of sustain attributes (left hand)
 k - a ring of see invisible (right hand)
Scrolls
 i - a scroll of remove curse
 l - 5 scrolls of identify
 p - a scroll of magic mapping
 s - a scroll of blinking
Potions
 o - a potion of ambrosia
 r - a potion of curing
Comestibles
 g - a bread ration
 n - 4 meat rations
 t - 5 chunks of flesh


   Skills:
 + Level 2.3(1.2) Fighting
 + Level 3.3(2.2) Short Blades
 - Level 1.7(0.7) Throwing
 + Level 2.8(1.7) Dodging
 - Level 11.4(10.1) Stealth
 + Level 7.7(6.4) Spellcasting
 - Level 7.0(5.8) Invocations


You had 22 spell levels left.
You didn't know any spells.

Dungeon Overview and Level Annotations

Branches:
Dungeon (5/15)
 Temple: D:4-7

Altars:
Dithmenos
Makhleb
Pakellas
Qazlal
Xom
The Shining One

Annotations:
D:5 trgk's ghost, novice DrMo


Innate Abilities, Weirdness & Mutations

You have razor-sharp teeth.
You heal very quickly.
When hurt, damage is shared between your health and your magic reserves.
Your bite disrupts and absorbs the magic of your enemies.
Potions and wands cannot restore your health.
You are immune to rotting.


Message History

Trgk's ghost closely misses you.
You miss trgk's ghost. Your bite misses trgk's ghost.
Trgk's ghost is heavily damaged.
Trgk's ghost completely misses you.
Drink which item? (? for menu, Esc to quit)
You feel very mighty all of a sudden. Trgk's ghost hits you!
* * * LOW HITPOINT WARNING * * *
You barely miss trgk's ghost.
Trgk's ghost is heavily damaged.
Trgk's ghost misses you.
You puncture trgk's ghost!
Trgk's ghost convulses!
Your bite misses trgk's ghost.
Trgk's ghost is almost destroyed.
Trgk's ghost says, "Do you think the gods will protect you?"
Trgk's ghost breathes negative energy at you.
The bolt of negative energy hits you!
You feel drained.
* * * LOW HITPOINT WARNING * * *
Trgk's ghost hits you.
You die...

#.#################........##....
#.############ #......###...._
#>...........######........ #....
#....#...................... #...
#....#..####..#####..........##..
#....#...# ##.....#...#.##.#.
#....###+# #....#(# . # ##...#
#....#.#.# #. # #...# #...W@...#
#..# ....+ +....##### #...
#..#.h..####.# #...#.
#.##..#.#....# #####.
#.......#....##. .....
#.....#h.##....##.######
......##W##..$.##.# # ##....
#..#....##.###### #....
##.#....##.##....


You could see trgk's ghost.

Vanquished Creatures
  A giant frog zombie (D:5)
  2 orc priests
  An iguana (D:5)
  2 orc wizards (D:4)
  A worker ant (D:4)
  Natasha (thrice) (D:3)
  A hound skeleton (D:4)
  4 gnolls (D:4)
  12 adders
  An adder skeleton (D:4)
  2 worms
  A dart slug (D:1)
  3 giant geckos
  8 orcs
  3 giant cockroaches
  5 goblins
  5 hobgoblins
  18 jackals
  4 kobolds
  A quokka (D:3)
  6 bats
  6 giant newts
  A jackal skeleton (D:4)
  10 rats
101 creatures vanquished.

Notes
Turn   | Place    | Note
--------------------------------------------------------------
     0 | D:1      | Oddball22 the Vine Stalker Assassin began the quest for the Orb.
     0 | D:1      | Reached XP level 1. HP: 11/11 MP: 2/2
   153 | D:1      | Reached skill level 1 in Dodging
   298 | D:1      | Reached skill level 5 in Stealth
   325 | D:1      | Reached XP level 2. HP: 15/15 MP: 3/3
   900 | D:2      | Found a shimmering altar of Xom.
   930 | D:2      | Reached XP level 3. HP: 4/18 MP: 1/4
  1009 | D:2      | Found a shimmering altar of Xom.
  1290 | D:2      | Reached XP level 4. HP: 23/23 MP: 6/6
  1351 | D:2      | Reached skill level 1 in Spellcasting
  1869 | D:3      | Reached skill level 6 in Stealth
  1983 | D:4      | Reached XP level 5. HP: 9/26 MP: 8/8
  2176 | D:4      | Gained mutation: You heal very quickly. [Vine Stalker growth]
  2176 | D:4      | Reached XP level 6. HP: 13/30 MP: 7/10
  2666 | D:3      | Found an oddly glowing altar of Pakellas.
  2666 | D:3      | Noticed a hungry ghost
  2666 | D:3      | Noticed Natasha
  2669 | D:3      | Killed Natasha
  2837 | D:3      | Noticed Natasha
  2846 | D:3      | Killed Natasha
  3039 | D:3      | Noticed Natasha
  3053 | D:3      | Killed Natasha
  3081 | D:4      | Found a shadowy altar of Dithmenos.
  3087 | D:4      | Became a worshipper of Dithmenos the Shadowed
  3126 | D:3      | Reached skill level 11 in Stealth
  3126 | D:3      | Reached XP level 7. HP: 35/35 MP: 11/19
  3413 | D:4      | Gained mutation: You have razor-sharp teeth. [Vine Stalker growth]
  3413 | D:4      | Reached XP level 8. HP: 39/39 MP: 20/20
  3550 | D:5      | Entered Level 5 of the Dungeon
  3577 | D:5      | Found a stormy altar of Qazlal.
  3607 | D:5      | Found a glowing golden altar of the Shining One.
  3627 | D:5      | Found a burning altar of Makhleb.
  3627 | D:5      | Noticed an Executioner
  3673 | D:5      | Noticed trgk's ghost (novice DrMo)
  3823 | D:5      | HP: 1/39 [trgk's ghost/bolt of negative energy (8)]
  3824 | D:5      | Slain by trgk's ghost

Vault maps used:
D:1:      dpeg_arrival_oval
D:2:      xom_redecorated
D:3:      minmay_misc_feat_square, st_stairs_8,
          gammafunk_pakellas_cloud_experiment, uniq_natasha
D:4:      grunt_dithmenos_smoke_and_mirrors
D:5:      tso_metal_star, kiku_gazebo_garden_becter,
          nicolae_overflow_crystal_walls, overflow_temple_1_default,
          makhleb_altar_promises_db, minmay_temple_entry_glassed_door,
          first_bread, minmay_holes

Skill      XL: |  1  2  3  4  5  6 |
---------------+-------------------+-----
Dodging        | 1 2 |  2.8
Stealth        | 5 6 11 | 11.4
Short Blades   | 2 3 |  3.3
Spellcasting   | 1 2 7 |  7.7
Fighting       | 2 |  2.3
Invocations    | 7 |  7.0
Throwing       | |  1.7

Action                   |  1- 3 |  4- 6 |  7- 9 || total
-------------------------+-------+-------+-------++-------
Melee: Dagger            |    66 |   182 |    89 ||   337
  Use: Potion            |       |     2 |     1 ||     3
       Scroll            |       |     9 |       ||     9
 Stab: Sleeping          |    11 |    15 |     3 ||    29
       Distracted        |       |     1 |       ||     1
  Eat: Chunk             |     1 |     7 |     2 ||    10
